 Dungeon Crawl Stone Soup version 0.26-a0-651-gb41185065b (webtiles) character file.

Game seed: 9443685972219090053

3777 Lugonue the Insei (level 10, -5/66 HPs)
             Began as an Octopode Venom Mage on Oct 29, 2020.
             Was an Initiate of Gozag.
             Slain by a wraith (9 damage)
             ... on level 7 of the Dungeon.
             The game lasted 00:17:40 (9867 turns).

Lugonue the Insei (Octopode Venom Mage)             Turns: 9867, Time: 00:17:46

Health: -5/66      AC:  1    Str:  9    XL:     10   Next: 16%
Magic:  0/19       EV: 14    Int: 20    God:    Gozag
Gold:   890        SH:  0    Dex: 18    Spells: 11/21 levels left

rFire    . . .     SeeInvis +     - Unarmed
rCold    . . .     Faith    .   (no shield)
rNeg     + . .     Spirit   +   (helmet restricted)
rPois    .         Reflect  .   a - amulet of Feheuxoups {Spirit rElec rN+ SInv}
rElec    +         Harm     .   p - +6 ring of dexterity
rCorr    .         Rampage  .   (no ring)
MR       .....                  (no ring)
Stlth    ++........             (no ring)
HPRegen  0.21/turn              (no ring)
MPRegen  0.16/turn              (no ring)
                                (no ring)
                                (no ring)

@: mighty, gold aura, hasted and slowed, glowing, constricted
A: almost no armour, stealthy swim, amphibious, 8 rings, constrict 8, camouflage
1, gelatinous body 1
a: Potion Petition, Call Merchant, Bribe Branch, Renounce Religion


You were on level 7 of the Dungeon.
You worshipped Gozag.
Gozag was pleased with you.
You visited 2 branches of the dungeon, and saw 8 of its levels.

You collected 935 gold pieces.
You paid 45 gold pieces to Gozag.

Inventory:

Armour
 r - a +1 kite shield
Jewellery
 a - the amulet of Feheuxoups (around mantle) {Spirit rElec rN+ SInv}
   (You found it on level 4 of the Dungeon)

   [amulet of guardian spirit]

   It causes incoming damage to be split between your health and magic.
   It insulates you from electricity.
   It protects you from negative energy.
   It lets you see invisible.
 p - a +6 ring of dexterity (left tentacle)
Wands
 i - a wand of enslavement (7)
 l - a wand of random effects (7)
Scrolls
 e - 3 scrolls of enchant weapon
 f - a scroll of enchant armour
 g - 3 scrolls of remove curse
 k - 2 scrolls of magic mapping
 m - 6 scrolls of identify
Potions
 b - 2 potions of flight
 c - a potion of stabbing
 d - a potion of resistance
 h - 2 potions of curing
 o - a potion of cancellation {unknown}


   Skills:
 * Level 5.3 Fighting
 * Level 5.3 Dodging
 - Level 3.7 Stealth
 * Level 7.1 Unarmed Combat
 + Level 6.2 Spellcasting
 + Level 3.0 Transmutations
 + Level 1.1 Fire Magic
 + Level 3.6 Air Magic
 - Level 7.0 Poison Magic


You had 11 spell levels left.
You knew the following spells:

 Your Spells              Type           Power        Failure   Level
a - Sting                 Tmut/Pois      ####         1%          1
b - Poisonous Vapours     Pois/Air       ####..       1%          2
c - Olgreb's Toxic Radia  Pois           ####....     6%          4
d - Ignite Poison         Fire/Tmut/Pois ###.....     7%          3

Your spell library contained the following spells:

 Spells                   Type           Power        Failure   Level
 Mephitic Cloud           Conj/Pois/Air  ###.....     7%          3
 Corona                   Hex            #......      11%         1
 Slow                     Hex            #.......     16%         2
 Inner Flame              Hex/Fire       #.......     24%         3
 Portal Projectile        Hex/Tloc       #.....       30%         3
 Cause Fear               Hex            #.........   71%         4
 Leda's Liquefaction      Hex/Erth       #.........   71%         4


Dungeon Overview and Level Annotations

Branches:
Dungeon (7/15)             Temple (1/1) D:4

Altars:
Ashenzari
Cheibriados
Dithmenos
Elyvilon
Gozag
Hepliaklqana
Kikubaaqudgha
Makhleb
Nemelex Xobeh
Okawaru
Qazlal
Ru
Sif Muna
Trog
Vehumet
Wu Jian
Xom
Yredelemnul
Zin
The Shining One


Innate Abilities, Weirdness & Mutations

You cannot wear most types of armour.
You are very stealthy in the water. (Stealth+)
You are amphibious.
You can wear up to eight rings at the same time.
You can use your tentacles to constrict eight enemies at once.
Your skin changes colour to match your surroundings (Stealth+).
Your rubbery body absorbs attacks. (AC +1, EV +1)


Message History

The wraith is heavily damaged.
The wraith hits you!
* * * LOW HITPOINT WARNING * * *
The wraith hits you.
* * * LOW HITPOINT WARNING * * *
The wraith drains your vigour!
You feel as though you will be slow longer.
You feel better. The ball python closely misses you. x2
The wraith completely misses you. The ball python bites you.
* * * LOW HITPOINT WARNING * * *
The ball python grabs you. The ball python constricts you.
You feel yourself speed up. The ball python bites you.
* * * LOW HITPOINT WARNING * * *
x2 The ball python constricts you.
The wraith hits you!
* * * LOW HITPOINT WARNING * * *
The ball python bites you.
* * * LOW HITPOINT WARNING * * *
x2 The ball python constricts you.
The wraith hits you!
You die...
Your body crumbles into a pile of gold.

##### ## ### .... ...
... .... .... #.# #..
#...# #.# #..#...
#######.# #.#?..#.. ####
#....##.###..#...# ...#
#....##))##@S.#..
...###....###..W.$......
....J.....$......#...#..
...###...(######..#...#
...# #....# #...#...#
...# ###.## #..#...#.
...# #(# #.#. .#.. o.
#... ...# #.# .... ...
........ ...#####.#
..#...#.


You could see a wraith and a ball python.

Vanquished Creatures
  Pikel (D:6)
  A hippogriff (D:7)
  A wyvern (D:7)
  Eustachio (D:6)
  Edmund (D:6)
  A phantom (D:4)
  An orc warrior (D:7)
  2 sky beasts
  2 black bears (D:6)
  An ice beast (D:6)
  4 ogres
  3 centaurs
  2 lemures
  A crocodile (D:7)
  3 bullfrogs
  4 scorpions
  4 howler monkeys
  3 jellies (D:6)
  2 hounds
  5 orc wizards
  A gnoll shaman (D:7)
  An orc priest (D:5)
  Crazy Yiuf (D:5)
  2 iguanas
  3 worker ants
  Terence (D:3)
  A hound zombie (D:6)
  A hound skeleton (D:4)
  A howler monkey zombie (D:6)
  7 gnolls
  11 adders
  2 shadow imps (D:5)
  A white imp (D:5)
  3 ufetubi
  7 worms
  6 dart slugs
  3 leopard geckos
  15 orcs
  7 giant cockroaches
  12 goblins
  10 hobgoblins
  13 jackals
  6 kobolds
  A quokka (D:6)
  2 ball pythons
  15 bats
  4 frilled lizards
  2 leopard gecko zombies
  A quokka zombie (D:7)
  5 rats
  A spectral orc (D:2)
189 creatures vanquished.

Vanquished Creatures (others)
  2 fungi (D:5)
2 creatures vanquished.

Grand Total: 191 creatures vanquished

Notes
Turn   | Place    | Note
-------+----------+-------------------------------------------
     0 | D:1      | Lugonue the Octopode Venom Mage began the quest for the
                  | Orb.
     0 | D:1      | Reached XP level 1. HP: 11/11 MP: 3/3
   319 | D:1      | Reached XP level 2. HP: 14/17 MP: 3/5
   617 | D:1      | Found a sparkling altar of Nemelex Xobeh.
   846 | D:1      | Learned a level 2 spell: Poisonous Vapours
  1050 | D:2      | Reached XP level 3. HP: 12/21 MP: 6/6
  1800 | D:2      | Reached skill level 1 in Unarmed Combat
  1919 | D:2      | Reached XP level 4. HP: 27/27 MP: 1/7
  2295 | D:2      | Found a basalt altar of Yredelemnul.
  2761 | D:2      | Reached skill level 1 in Fighting
  3433 | D:3      | Reached XP level 5. HP: 19/33 MP: 3/8
  3669 | D:3      | Found a broken altar of Ashenzari.
  4264 | D:3      | Noticed Terence
  4272 | D:3      | Killed Terence
  4533 | D:3      | Reached XP level 6. HP: 36/39 MP: 7/10
  4584 | D:3      | Learned a level 4 spell: Olgreb's Toxic Radiance
  4620 | D:4      | Reached skill level 5 in Poison Magic
  4761 | D:4      | Found a staircase to the Ecumenical Temple.
  4765 | D:4      | Noticed a phantom
  4773 | Temple   | Entered the Ecumenical Temple
  4860 | Temple   | Became a worshipper of Gozag Ym Sagoz the Greedy
  4987 | D:4      | Got a steaming brass amulet
  4993 | D:4      | Identified the amulet of Feheuxoups {Spirit rElec rN+ SInv}
                  | (You found it on level 4 of the Dungeon)
  5058 | D:4      | Killed a phantom
  5058 | D:4      | Reached skill level 1 in Air Magic
  5058 | D:4      | Reached XP level 7. HP: 43/45 MP: 6/11
  5629 | D:5      | Entered Level 5 of the Dungeon
  5655 | D:5      | Learned a level 3 spell: Ignite Poison
  6091 | D:5      | Found a snail-covered altar of Cheibriados.
  6193 | D:5      | Reached XP level 8. HP: 48/52 MP: 7/13
  6206 | D:5      | Reached skill level 5 in Unarmed Combat
  6947 | D:5      | Found an iron altar of Okawaru.
  7001 | D:5      | Found a runed translucent door.
  7002 | D:5      | Noticed Crazy Yiuf
  7014 | D:5      | Killed Crazy Yiuf
  7152 | D:6      | Noticed Pikel
  7816 | D:6      | Noticed Edmund
  7825 | D:6      | Killed Edmund
  7979 | D:6      | Found a bloodstained altar of Trog.
  7981 | D:6      | Noticed Eustachio
  7989 | D:6      | Reached XP level 9. HP: 51/58 MP: 2/15
  8112 | D:6      | Killed Eustachio
  8122 | D:6      | Found a glowing golden altar of the Shining One.
  8214 | D:6      | Reached skill level 5 in Spellcasting
  8649 | D:6      | Killed Pikel
  8773 | D:6      | Found a glowing silver altar of Zin.
  9101 | D:7      | Reached skill level 5 in Dodging
  9101 | D:7      | Reached skill level 1 in Fire Magic
  9359 | D:7      | Reached skill level 5 in Fighting
  9373 | D:7      | Reached XP level 10. HP: 52/66 MP: 5/18
  9673 | D:7      | Found a shimmering altar of Xom.
  9867 | D:7      | Slain by a wraith

Illustrated notes

Levels and vault maps discovered:
D:1:      mrwooster_arrival_statue_2, layout_rooms, nemelex_diamond_rough_becter
D:2:      layout_rooms, yredelemnul_forgotten_temple_becter,
          nicolae_overflow_hidden_temple
D:3:      layout_rooms, ashenzari_altar_1, uniq_terence
D:4:      layout_loops_ring, minmay_temple_entry_tees, minmay_stone_trees_small
D:5:      layout_loops_ring, kennysheep_mini, kennysheep_slug_shrine,
          uniq_crazy_yiuf_cottage
D:6:      layout_loops_cross, zin_scriptorium, grunt_temple_overflow_open,
          uniq_edmund, uniq_pikel, uniq_eustachio
D:7:      cheibrodos_fzero, layout_rooms, xom_butterflies
Temple:   minmay_temple_bridge_abc

Skill      XL: |  1  2  3  4  5  6  7  8  9 10 |
---------------+-------------------------------+-----
Poison Magic   | 4 5 7 |  7.0
Stealth        | 3 |  3.7
Unarmed Combat | 1 2 3 4 6 7 |  7.1
Fighting       | 1 2 3 5 |  5.3
Spellcasting   | 3 4 5 6 |  6.2
Air Magic      | 1 3 |  3.6
Dodging        | 3 4 5 |  5.3
Transmutations | 2 3 |  3.0
Fire Magic     | 1 |  1.1

Action                   |  1- 3 |  4- 6 |  7- 9 | 10-12 || total
-------------------------+-------+-------+-------+-------++-------
Melee: Unarmed           |    98 |   173 |   145 |    19 ||   435
       Constrict         |    28 |    47 |    36 |     4 ||   115
       Tentacles         |    18 |    33 |    34 |     3 ||    88
       Punch             |       |     2 |     9 |       ||    11
 Cast: Sting             |    29 |    23 |    20 |       ||    72
       Poisonous Vapours |     4 |    21 |    42 |     1 ||    68
       Olgreb's Toxic Ra |       |     1 |    17 |     5 ||    23
       Ignite Poison     |       |       |    12 |     3 ||    15
Evoke: Wand              |       |       |       |     1 ||     1
  Use: Scroll            |     3 |     8 |     1 |     2 ||    14
       Potion            |       |     4 |     6 |     3 ||    13
 Stab: Sleeping          |     4 |     7 |     4 |       ||    15
       Distracted        |       |       |     2 |       ||     2
Armor: Skin              |    32 |    32 |    10 |     1 ||    75
Dodge: Dodged            |    98 |   143 |   110 |    15 ||   366

Table legend: (Time is in decaauts)
 A = Elapsed time spent in this place.
 B = Non-inter-level travel time spent in this place.
 C = Inter-level travel time spent in this place.
 D = Time resting spent in this place.
 E = Time spent auto-exploring this place.
 F = Levels seen in this place.
 G = Mean time per level.
                   A        B        C        D        E       F      G
               +--------+--------+--------+--------+--------+-----+--------+
         Total |   9838 |   9616 |    222 |   1501 |   6387 |   8 | 1229.8 |
       Dungeon |   9633 |   9420 |    213 |   1501 |   6222 |   7 | 1376.1 |
        Temple |    205 |    196 |      9 |      0 |    165 |   1 |  205.0 |
               +--------+--------+--------+--------+--------+-----+--------+

Top non-repeatable levels by time:
     D:2: 1864 daAuts
     D:6: 1816 daAuts
     D:5: 1728 daAuts
     D:1: 1406 daAuts
     D:3: 1321 daAuts
     D:4: 914 daAuts
     D:7: 582 daAuts
  Temple: 205 daAuts
